 Dungeon Crawl Stone Soup version 0.28-a0-1429-gf3d713df7a (webtiles) character file.

Game seed: 6114187763098730840

1253 croobank the Cudgeller (level 8, -6/78 HPs)
             Began as a Troll Monk on Jan 8, 2022.
             Was an Elder of Ignis.
             Mangled by a wyvern (14 damage)
             ... on level 5 of the Dungeon.
             The game lasted 00:21:05 (4101 turns).

croobank the Cudgeller (Troll Monk)                 Turns: 4101, Time: 00:21:05

Health: -6/78      AC:  4    Str: 22    XL:     8   Next: 26%
Magic:  7/7        EV: 11    Int:  6    God:    Ignis [****..]
Gold:   130        SH:  0    Dex: 12    Spells: 7/7 levels left

rFire   + . .      SeeInvis .   v - +0 flail
rCold   . . .      Faith    .   (no shield)
rNeg    . . .      Spirit   .   i - +0 robe
rPois   .          Reflect  .   (helmet restricted)
rElec   .          Harm     .   (no cloak)
rCorr   .          Rampage  .   (gloves unavailable)
Will    .....                   (boots unavailable)
Stlth   ++........              (no amulet)
HPRegen 1.03/turn               (no ring)
MPRegen 0.10/turn               (no ring)

@: no status effects
A: large, unfitting armour, claws 3, regeneration 1, shaggy fur 1, tough skin 1
a: Renounce Religion, Fiery Armour, Foxfire Swarm, Rising Flame


You were on level 5 of the Dungeon.
You worshipped Ignis.
Ignis was greatly pleased with you.
You visited 1 branch of the dungeon, and saw 5 of its levels.

You collected 130 gold pieces.

Inventory:

Hand Weapons
 a - a +0 mace
 b - a +0 hunting sling
 c - a +0 dire flail
 q - a +0 scythe
 s - a +0 short sword
 t - a +3 dagger
 v - a +0 flail (weapon)
 w - a +0 morningstar
 z - a +2 whip of electrocution
Missiles
 d - 139 stones
 f - 5 javelins (quivered)
 j - 32 poisoned darts
 n - 24 arrows
 o - 23 sling bullets
 x - 26 bolts
 A - 3 boomerangs
Armour
 i - a +0 robe (worn)
Wands
 l - a wand of iceblast (13)
Scrolls
 g - a scroll of immolation
 p - a scroll of vulnerability {unknown}
 u - a scroll of enchant armour {unknown}
 y - a scroll of summoning {unknown}
 C - a scroll of identify
 D - a scroll of fog {unknown}
 F - a scroll of enchant weapon {unknown}
Potions
 e - 2 potions of resistance
 h - 3 potions of curing
 k - a potion of lignification {unknown}
 m - a potion of brilliance {unknown}
 r - a potion of berserk rage
 B - a potion of might {unknown}
 E - a potion of degeneration {unknown}


   Skills:
 - Level 4.1 Fighting
 + Level 7.0 Maces & Flails
 - Level 4.1 Dodging
 - Level 2.6 Stealth


You had 7 spell levels left.
You didn't know any spells.
Your spell library contained the following spells:

 Spells                   Type           Power      Damage    Failure   Level
 Corpse Rot               Necr/Air       0%         N/A       58%         2
 Poisonous Vapours        Pois/Air       0%         N/A       58%         2
 Sublimation of Blood     Necr           0%         N/A       58%         2
 Wereblood                Tmut           0%         N/A       58%         2
 Summon Hydra             Summ           0%         N/A       100%        7


Dungeon Overview and Level Annotations

Branches:
Dungeon (5/15)
 Temple: D:4-7

Altars:
Ignis


Innate Abilities, Weirdness & Mutations

You are too large for most types of armour.
You have claws for hands.
Your natural rate of healing is unusually fast.
You are covered in fur. (AC +1)
You have tough skin. (AC +1)


Message History

The orc shouts!
The orc closely misses you.
You see here an adder corpse.
You hit the orc.
The orc is severely wounded.
The orc hits you with a +0 short sword.
You sock the orc!
You kill the orc!
Things that are here:
a +0 short sword; 23 sling bullets; an orc corpse
Things that are here:
a +0 short sword; 23 sling bullets; an orc corpse
o - 23 sling bullets
j - 32 poisoned darts (gained 17) Search for what [Enter for "armour", or ? for help]? bullets You now have 130 gold pieces (gained 8).
Found a scale mail.
You see here a +0 scale mail.
A wyvern comes into view.
The helpless wyvern fails to defend itself.
You hit the wyvern but do no damage. The wyvern bites you.
You hit the wyvern but do no damage. The wyvern bites you!
The wyvern bites you but does no damage.
You closely miss the wyvern.
The wyvern bites you but does no damage.
The wyvern bites you.
You thump the wyvern!
The wyvern is moderately wounded.
The wyvern bites you! x2
You barely miss the wyvern.
The wyvern is moderately wounded.
The wyvern bites you!
* * * LOW HITPOINT WARNING * * *
You hit the wyvern but do no damage.
The wyvern is moderately wounded.
The wyvern bites you!
* * * LOW HITPOINT WARNING * * *
The wyvern barely misses you. The wyvern bites you!
You die...

#########
#.....l.#
#.#####@# #.#
#####.######
#..........#
......#.####.#
........# #.#
######### #.#
# #.# # #.#


You could see a wyvern.

Vanquished Creatures
  Sigmund (D:3)
  Pargi (D:4)
  An ogre (D:5)
  2 black bears
  A necrophage (D:4)
  A scorpion (D:5)
  A jelly (D:4)
  2 hounds
  3 centaur skeletons
  2 orc priests (D:4)
  An iguana (D:5)
  4 orc wizards (D:4)
  A hound skeleton (D:4)
  2 howler monkey skeletons (D:4)
  6 adders
  An adder skeleton (D:4)
  3 worms
  3 dart slugs
  13 orcs
  7 bats
  10 endoplasms
  5 giant cockroaches
  8 goblins
  4 hobgoblins
  8 jackals
  7 kobolds
  6 quokkas
  13 ball pythons
  3 frilled lizards
  14 rats
134 creatures vanquished.

Vanquished Creatures (others)
  An orc wizard (D:4)
  3 foxfires (D:4)
4 creatures vanquished.

Grand Total: 138 creatures vanquished

Notes
Turn   | Place    | Note
-------+----------+-------------------------------------------
     0 | D:1      | croobank the Troll Monk began the quest for the Orb.
     0 | D:1      | Reached XP level 1. HP: 22/22 MP: 0/0
   133 | D:1      | Reached XP level 2. HP: 29/29 MP: 1/1
   365 | D:1      | Reached skill level 3 in Maces & Flails
   444 | D:1      | Found a faded altar of an unknown god.
   522 | D:1      | Prayed at the altar of an unknown god.
   522 | D:1      | Became a worshipper of Ignis, the Dying Flame
   522 | D:1      | Reached ****** piety under Ignis
   692 | D:1      | Reached XP level 3. HP: 36/36 MP: 2/2
  1018 | D:2      | Reached XP level 4. HP: 44/44 MP: 3/3
  1162 | D:3      | Noticed a black bear
  1370 | D:2      | Reached XP level 5. HP: 46/53 MP: 4/4
  2028 | D:3      | Noticed Sigmund
  2037 | D:3      | Killed Sigmund
  2038 | D:3      | Reached skill level 4 in Maces & Flails
  2038 | D:3      | Reached XP level 6. HP: 57/61 MP: 5/5
  2730 | D:4      | Reached XP level 7. HP: 32/68 MP: 6/6
  2955 | D:4      | Reached skill level 5 in Maces & Flails
  3186 | D:4      | Noticed Pargi
  3230 | D:4      | Killed Pargi
  3231 | D:4      | Reached skill level 6 in Maces & Flails
  3369 | D:4      | Reached XP level 8. HP: 78/78 MP: 7/7
  3824 | D:5      | Entered Level 5 of the Dungeon
  4025 | D:5      | Reached skill level 7 in Maces & Flails
  4101 | D:5      | Mangled by a wyvern

Illustrated notes

Levels and vault maps discovered:
D:1:      nzn_arrival_depleted_hourglass, layout_basic,
          chequers_ecumenical_altar_grove, minmay_rat_gold_closets
D:2:      minmay_recursive_quarters, layout_loops_ring, grunt_decor_cap
D:3:      layout_basic, uniq_sigmund
D:4:      layout_basic, st_stairs_14, uniq_pargi
D:5:      layout_loops_corners, minmay_temple_entry_mini_moons

Skill      XL: |  1  2  3  4  5  6  7  8 |
---------------+-------------------------+-----
Maces & Flails | 3 4 6 7 |  7.0
Dodging        | 3 4 |  4.1
Fighting       | 3 4 |  4.1
Stealth        | 2 |  2.6

Action                   |  1- 3 |  4- 6 |  7- 9 || total
-------------------------+-------+-------+-------++-------
Melee: Mace              |   117 |   174 |    18 ||   309
       Punch             |     4 |       |     3 ||     7
       Flail             |       |       |   142 ||   142
Throw: Dart              |       |     3 |     5 ||     8
       Javelin           |       |       |     8 ||     8
Invok: Fiery Armour      |     1 |     1 |     2 ||     4
       Foxfire Swarm     |       |       |     1 ||     1
  Use: Scroll            |       |       |     5 ||     5
       Potion            |       |       |     1 ||     1
 Stab: Sleeping          |     5 |     4 |     5 ||    14
Armor: Robe              |    66 |    58 |    61 ||   185
Dodge: Dodged            |    77 |    72 |   110 ||   259

Table legend: (Time is in decaauts)
 A = Elapsed time spent in this place.
 B = Non-inter-level travel time spent in this place.
 C = Inter-level travel time spent in this place.
 D = Time resting spent in this place.
 E = Time spent auto-exploring this place.
 F = Levels seen in this place.
 G = Mean time per level.
                   A        B        C        D        E       F      G
               +--------+--------+--------+--------+--------+-----+--------+
         Total |   4206 |   4057 |    149 |    157 |   2470 |   5 |  841.2 |
       Dungeon |   4206 |   4057 |    149 |    157 |   2470 |   5 |  841.2 |
               +--------+--------+--------+--------+--------+-----+--------+

Top non-repeatable levels by time:
     D:4: 1287 daAuts
     D:1: 945 daAuts
     D:2: 903 daAuts
     D:3: 791 daAuts
     D:5: 278 daAuts
